 Dungeon Crawl Stone Soup version 0.32-a0-931-g5a2cda0630 (webtiles) character file.

Game seed: 2138174831293699364

86 Griffin23 the Covered (level 4, -4/37 HPs)
             Began as a Minotaur Wanderer on Apr 13, 2024.
             Slain by a ribbon worm (6 damage)
             ... on level 3 of the Dungeon.
             The game lasted 00:03:38 (1843 turns).

Griffin23 the Covered (Minotaur Wanderer)           Turns: 1843, Time: 00:03:38

Health: -4/37      AC: 11    Str: 20    XL:     4   Next: 27%
Magic:  4/4        EV:  3    Int:  8    God:
Gold:   147        SH:  0    Dex:  9    Spells: 4/5 levels left

rFire   . . .        f - +0 short sword
rCold   . . .        l - +0 buckler
rNeg    . . .        d - +0 chain mail
rPois   .            (helmet restricted)
rElec   .            q - +0 cloak
rCorr   .            (no gloves)
SInv    .            (no boots)
Will    +....        (no amulet) Stlth
                     i - ring of willpower
HPRegen 0.26/turn    (no ring)
MPRegen 0.09/turn

%: no passive effects
@: held
A: horns 2, retaliatory headbutt
a: no special abilities


You were on level 3 of the Dungeon.
You visited 1 branch of the dungeon, and saw 3 of its levels.

You collected 147 gold pieces.

Inventory:

Hand Weapons
 a - a +0 club
 f - a +0 short sword (weapon)
Armour
 d - a +0 chain mail (worn)
 l - a +0 buckler (worn)
 q - a +0 cloak (worn)
Jewellery
 i - a ring of willpower (left hand)
Wands
 b - a wand of polymorph (5)
Scrolls
 c - 3 scrolls of teleportation
 e - a scroll of enchant weapon {unknown}
 h - a scroll of acquirement {unknown}
 k - 2 scrolls of silence {unknown}
 m - a scroll of revelation {unknown}
 n - a scroll of identify {unknown}
 o - a scroll of vulnerability {unknown}
 r - a scroll of enchant armour {unknown}
Potions
 g - 2 potions of ambrosia {unknown}
 j - 2 potions of lignification {unknown}
 p - a potion of haste {unknown}


   Skills:
 + Level 2.7 Fighting
 * Level 2.8 Short Blades
 - Level 0.5 Maces & Flails
 + Level 5.4 Armour
 - Level 1.1 Dodging
 - Level 1.0 Spellcasting
 - Level 1.0 Fire Magic
 - Level 1.0 Invocations
 - Level 1.0 Evocations


You had 4 spell levels left.
You knew the following spells:

 Your Spells              Type           Power      Damage    Failure   Level
a - Foxfire               Conj/Fire      4%         2x1d4     96%         1

Your spell library contained the following spells:

 Spells                   Type           Power      Damage    Failure   Level
 Dazzling Flash           Conj/Hex       0%         N/A       100%        3
 Inner Flame              Hex/Fire       1%         N/A       100%        3
 Starburst                Conj/Fire      0%         6d3       100%        6
 Maxwell's Capacitive Co  Air            0%         ∞         100%        8


Dungeon Overview and Level Annotations

Branches:
Dungeon (3/15)

Altars:


Innate Abilities, Weirdness & Mutations

You have a pair of horns on your head.
You reflexively headbutt those who attack you in melee.


Message History

The web tears apart.
The ribbon worm bites you but does no damage.
You barely miss the ribbon worm.
The ribbon worm bites you but does no damage.
You hit the ribbon worm but do no damage.
The ribbon worm bites you!
* * * LOW HITPOINT WARNING * * *
You hit the ribbon worm but do no damage.
The ribbon worm expels a string of sticky webbing.
The stream of webbing misses you.
You hit the ribbon worm.
The ribbon worm is lightly wounded.
You hit the ribbon worm but do no damage.
The ribbon worm is lightly wounded.
The ribbon worm bites you but does no damage.
You hit the ribbon worm but do no damage.
You hit the ribbon worm but do no damage.
The ribbon worm completely misses you. You furiously retaliate!
You headbutt the ribbon worm. You hit the ribbon worm.
The ribbon worm is moderately wounded.
The ribbon worm bites you.
* * * LOW HITPOINT WARNING * * *
You hit the ribbon worm. Your headbutt misses the ribbon worm.
The ribbon worm is moderately wounded.
The ribbon worm bites you.
* * * LOW HITPOINT WARNING * * *
You hit the ribbon worm.
The ribbon worm is moderately wounded.
You hit the ribbon worm.
The ribbon worm is moderately wounded.
The ribbon worm expels a string of sticky webbing.
The stream of webbing hits you but does no damage.
You are caught in a web!
You struggle to detach yourself from the web.
The ribbon worm bites you.
* * * LOW HITPOINT WARNING * * *
You struggle to detach yourself from the web.
The ribbon worm bites you.
You die...

........#
.......# .
......# ..
.....## ...
..>.. .# ....
...# .#
#....##..# .#
#....ow@.# .#
#....o#..# .#
#$....#..##!#
#......./.(.#
...#######.##
##
####.#.####
#....#....#
#.#.##.#
##.#.##.#


You could see a ribbon worm and 2 orcs.

Vanquished Creatures
  3 adders
  2 dart slugs
  A ribbon worm (D:3)
  6 orcs (D:3)
  3 bats
  5 endoplasms
  A giant cockroach (D:1)
  6 goblins
  A hobgoblin (D:1)
  7 kobolds
  A quokka (D:2)
  5 ball pythons
  2 frilled lizards (D:1)
  3 rats
46 creatures vanquished.

Notes
Turn   | Place    | Note
-------+----------+-------------------------------------------
     0 | D:1      | Griffin23 the Minotaur Wanderer began the quest for the
                  | Orb.
     0 | D:1      | Griffin23 set off with the following items: a +0 club, a
                  | wand of polymorph (5), a scroll of teleportation, a +0
                  | chain mail; and the following spell memorised: Foxfire; and
                  | the following spells available to memorise: Inner Flame.
     0 | D:1      | Reached XP level 1. HP: 16/16 MP: 1/1
    87 | D:1      | Reached XP level 2. HP: 10/24 MP: 2/2
   105 | D:1      | Reached skill level 1 in Short Blades
   105 | D:1      | Reached skill level 5 in Armour
   883 | D:2      | Reached XP level 3. HP: 27/29 MP: 3/3
  1705 | D:3      | Reached XP level 4. HP: 27/37 MP: 4/4
  1842 | D:3      | HP: 1/37 [ribbon worm (5)]
  1843 | D:3      | Slain by a ribbon worm

Illustrated notes

Levels and vault maps discovered:
D:1:      eino_arrival_tree_alley, layout_basic
D:2:      layout_loops_ring
D:3:      layout_basic, mainiacjoe_overflow_paths,
          nicolae_overflow_ecumenical_swirl

Skill      XL: |  1  2  3 |
---------------+----------+-----
Short Blades   | 1 2 |  2.8
Armour         | 5 |  5.4
Fighting       | 2 |  2.7
Maces & Flails | |  0.5
Dodging        | |  1.1
Spellcasting   | |  1.0
Fire Magic     | |  1.0
Invocations    | |  1.0
Evocations     | |  1.0

Action                     |  1- 3 |  4- 6 || total
---------------------------+-------+-------++-------
  Melee: Short sword       |   140 |    50 ||   190
         Club              |    13 |       ||    13
         Headbutt          |    21 |     7 ||    28
 Armour: Chain mail        |   149 |    32 ||   181
  Dodge: Dodged            |    42 |    14 ||    56
  Block: Buckler           |     7 |     5 ||    12

Table legend: (Time is in decaauts)
 A = Elapsed time spent in this place.
 B = Non-inter-level travel time spent in this place.
 C = Inter-level travel time spent in this place.
 D = Time resting spent in this place.
 E = Time spent auto-exploring this place.
 F = Levels seen in this place.
 G = Mean time per level.
                   A        B        C        D        E       F      G
               +--------+--------+--------+--------+--------+-----+--------+
         Total |   1832 |   1673 |    159 |    173 |   1090 |   3 |  610.7 |
       Dungeon |   1832 |   1673 |    159 |    173 |   1090 |   3 |  610.7 |
               +--------+--------+--------+--------+--------+-----+--------+

Top non-repeatable levels by time:
     D:1: 874 daAuts
     D:2: 789 daAuts
     D:3: 168 daAuts
